 Dungeon Crawl Stone Soup version 0.27.1-33-g824d729ab1 (webtiles) character file.

Game seed: 7324231871240059414

158 13raion the Chopper (level 5, -1/72 HPs)
             Began as a Minotaur Berserker on Dec 2, 2021.
             Was a Believer of Trog.
             Slain by a gnoll (4 damage)
             ... on level 3 of the Dungeon.
             The game lasted 00:04:55 (1926 turns).

13raion the Chopper (Minotaur Berserker)            Turns: 1926, Time: 00:04:55

Health: -1/72      AC:  7    Str: 22    XL:     5   Next: 16%
Magic:  4/4        EV: 11    Int:  4    God:    Trog [**....]
Gold:   95         SH:  3    Dex: 10    Spells: 4/4 levels left

rFire    . . .     SeeInvis .   a - +0 hand axe
rCold    . . .     Faith    .   k - +0 buckler
rNeg     . . .     Spirit   .   b - +0 animal skin
rPois    .         Reflect  .   (helmet restricted)
rElec    .         Harm     .   (no cloak)
rCorr    .         Rampage  .   (no gloves)
Will     .....                  h - +0 pair of boots
Stlth    ..........             (no amulet)
HPRegen  0.22/turn              n - +4 ring of protection
MPRegen  0.09/turn              (no ring)

@: berserking, very quick
A: horns 2, retaliatory headbutt
a: Renounce Religion, Berserk, Trog's Hand


You were on level 3 of the Dungeon.
You worshipped Trog.
Trog was pleased with you.
You visited 1 branch of the dungeon, and saw 3 of its levels.

You collected 95 gold pieces.

Inventory:

Hand Weapons
 a - a +0 hand axe (weapon)
Armour
 b - a +0 animal skin (worn)
 h - a +0 pair of boots (worn)
 k - a +0 buckler (worn)
Jewellery
 d - a ring of positive energy
 n - a +4 ring of protection (left hand)
Scrolls
 c - 2 scrolls of identify {unknown}
 e - 2 scrolls of fog {unknown}
 f - 2 scrolls of vulnerability {unknown}
 g - a scroll of fear {unknown}
 i - a scroll of enchant weapon {unknown}
 p - a scroll of enchant armour {unknown}
Potions
 j - a potion of invisibility {unknown}
 l - a potion of resistance {unknown}
 m - a potion of ambrosia {unknown}
 o - a potion of berserk rage {unknown}


   Skills:
 + Level 5.4 Fighting
 + Level 5.8 Axes
 - Level 2.4 Armour
 - Level 2.1 Dodging


You had 4 spell levels left.
You didn't know any spells.
Your spell library was empty.

Dungeon Overview and Level Annotations

Branches:
Dungeon (3/15)

Altars:


Innate Abilities, Weirdness & Mutations

You have a pair of horns on your head.
You reflexively headbutt those who attack you in melee.


Message History

A red film seems to cover your vision as you go berserk!
You feel yourself moving faster!
You feel mighty!
The gnoll sergeant hits you with a +0 spear.
The gnoll closely misses you.
You hit the gnoll sergeant but do no damage.
Your headbutt misses the gnoll sergeant.
The gnoll sergeant is heavily wounded.
The gnoll sergeant hits you with a +0 spear.
* * * LOW HITPOINT WARNING * * *
The gnoll hits you from afar with a +0 spear.
* * * LOW HITPOINT WARNING * * *
You hit the gnoll sergeant. You headbutt the gnoll sergeant!
The gnoll sergeant is severely wounded.
The gnoll sergeant hits you with a +0 spear!
* * * LOW HITPOINT WARNING * * *
The gnoll barely misses you.
You hit the gnoll sergeant.
The gnoll sergeant is almost dead.
You hit the gnoll sergeant.
You feel the power of Trog in you as your rage grows.
You kill the gnoll sergeant!
Trog accepts your kill. The gnoll closely misses you.
You have reached level 5!
The gnoll hits you but does no damage. x2
You completely miss the gnoll. You closely miss the gnoll.
You barely miss the gnoll. Your headbutt misses the gnoll.
You completely miss the gnoll. The gnoll hits you with a +0 whip.
* * * LOW HITPOINT WARNING * * *
The gnoll hits you with a +0 spear.
* * * LOW HITPOINT WARNING * * *
You slash the gnoll!
The gnoll is severely wounded.
You hit the gnoll. The gnoll hits you with a +0 spear.
* * * LOW HITPOINT WARNING * * *
The gnoll closely misses you.
You hit the gnoll.
The gnoll is almost dead.
You hit the gnoll. The gnoll hits you with a +0 spear.
You die...

..# ..# #.# ... ..# #.#
.... ..###.#########
#.... ...............
..... ..............
....##
............######.....#
.......<.......).g...#
............#...@g...#
............#........'..
............#?.......##.
............#.......##
............#.......#
............###+#####
............#
............#
..............


You could see 2 gnolls.

Vanquished Creatures
  A gnoll sergeant (D:3)
  Jessica (D:2)
  2 adders
  2 dart slugs
  3 orcs (D:3)
  2 ball pythons
  2 bats
  3 endoplasms (D:1)
  5 giant cockroaches
  4 goblins (D:1)
  2 hobgoblins
  3 jackals (D:1)
  A kobold (D:2)
  2 quokkas
  5 frilled lizards
  6 rats
44 creatures vanquished.

Notes
Turn   | Place    | Note
-------+----------+-------------------------------------------
     0 | D:1      | 13raion the Minotaur Berserker began the quest for the Orb.
     0 | D:1      | Reached XP level 1. HP: 19/19 MP: 0/0
   221 | D:1      | Reached XP level 2. HP: 23/27 MP: 1/1
   809 | D:1      | Reached XP level 3. HP: 24/34 MP: 2/2
  1206 | D:2      | Noticed an eye of devastation
  1210 | D:2      | Found a faded altar of an unknown god.
  1212 | D:2      | Noticed a floating eye
  1212 | D:2      | Noticed a floating eye
  1212 | D:2      | Noticed a great orb of eyes
  1219 | D:2      | Reached ** piety under Trog
  1447 | D:2      | Noticed Jessica
  1449 | D:2      | Killed Jessica
  1450 | D:2      | Reached skill level 5 in Axes
  1450 | D:2      | Reached XP level 4. HP: 41/41 MP: 3/3
  1673 | D:3      | Reached skill level 5 in Fighting
  1908 | D:3      | Noticed a gnoll sergeant
  1921 | D:3      | Killed a gnoll sergeant
  1922 | D:3      | Reached XP level 5. HP: 10/48 MP: 4/4
  1925 | D:3      | HP: 2/72 [gnoll (2)]
  1926 | D:3      | Slain by a gnoll

Illustrated notes

Levels and vault maps discovered:
D:1:      tarquinn_simple_flora_water_f, layout_rooms, serial_curves,
          eino_curves_01, eino_curves_03, chequers_arboretum,
          chequers_serial_rivers_large_a, amcnicky_mini_rare_corridor_liquid
D:2:      layout_loops_ring, hellmonk_ecumenical_altar_watching_god,
          uniq_jessica
D:3:      layout_basic, nicolae_hepliaklqana_hippocampus,
          general_overflow_altar, portal_sewer_entry_e, minmay_door_square,
          minivault_26, ebering_dispersal_statue_hall

Skill      XL: |  1  2  3  4 |
---------------+-------------+-----
Fighting       | 4 5 |  5.4
Axes           | 4 5 |  5.8
Armour         | |  2.4
Dodging        | |  2.1

Action                   |  1- 3 |  4- 6 || total
-------------------------+-------+-------++-------
Melee: Hand axe          |    73 |    35 ||   108
       Headbutt          |    17 |     4 ||    21
Invok: Berserk           |       |     1 ||     1
Armor: Animal skin       |    12 |    11 ||    23
Dodge: Dodged            |    48 |    14 ||    62
Block: Buckler           |       |     1 ||     1
